| TOP OF THE 1ST |
|
University of Florida Gators batting - Pitching for University of Maine Black Bears : RHP Tat Gu
|
|
Pitching: RHP Tat Gu
|
|
|
Batting: RHB Jiao-long Zhào
|
0-0: Swinging Strike 0-1: Ball 1-1: Ground out 6-3 (Groundball, 6, EV 92.5 MPH)
|
|
Batting: LHB Roy Davies
|
0-0: SINGLE (Groundball, P, EV 85.6 MPH) (infield hit)
|
|
Batting: RHB Gong-sun Law
|
0-0: Called Strike Roy Davies steals 2nd base 0-1: Ball 1-1: Ball 2-1: Foul Ball, location: 2F 2-2: Ground out 1-3 (Groundball, 25, EV 66.9 MPH)
|
|
Batting: SHB Nelson Carachure
|
0-0: Called Strike 0-1: Foul Ball, location: 2F 0-2: Foul Ball, location: 2F 0-2: Foul Ball, location: 2F 0-2: Ball 1-2: Ball 2-2: Ball 3-2: Ground out 5-3 (Groundball, 56, EV 88.1 MPH)
|
| Top of the 1st over - 0 runs, 1 hit, 0 errors, 1 left on base; University of Florida 0 - University of Maine 0 |
| BOTTOM OF THE 1ST |
|
University of Maine Black Bears batting - Pitching for University of Florida Gators : RHP Carlos Figueroa
|
|
Pitching: RHP Carlos Figueroa
|
|
|
Batting: RHB Justin Degon
|
0-0: Ball 1-0: Called Strike 1-1: Ground out 5-3 (Groundball, 56, EV 83.8 MPH)
|
|
Batting: RHB Wang Huan
|
0-0: Swinging Strike 0-1: Ball 1-1: Ball 2-1: Foul Ball, location: 2F 2-2: Strikes out swinging
|
|
Batting: LHB Seung Pack
|
0-0: Ball 1-0: Ball 2-0: Called Strike 2-1: Ball 3-1: Foul Ball, location: 2F 3-2: Foul Ball, location: 2F 3-2: Foul Ball, location: 2F 3-2: Foul Ball, location: 2F 3-2: Strikes out swinging
|
| Bottom of the 1st over - 0 runs, 0 hits, 0 errors, 0 left on base; University of Florida 0 - University of Maine 0 |
| TOP OF THE 2ND |
|
University of Florida Gators batting - Pitching for University of Maine Black Bears : RHP Tat Gu
|
|
Batting: SHB Pat Justice
|
0-0: Ball 1-0: Called Strike 1-1: Ball 2-1: Foul Ball, location: 2F 2-2: Strikes out swinging
|
|
Batting: SHB Tokuichi Ishida
|
0-0: Ball 1-0: Ball 2-0: Swinging Strike 2-1: Foul Ball, location: 2F 2-2: Strikes out swinging, 2-3 out at first.
|
|
Batting: LHB Dave Newsome
|
0-0: Ball 1-0: Ball 2-0: Ball 3-0: Base on Balls
|
|
Batting: RHB Manny Harrison
|
0-0: Ball 1-0: Ball 2-0: Foul Ball, location: 2F 2-1: Ball 3-1: Fielders Choice at 2nd, U6 (Groundball, 6M, EV 106.9 MPH)
|
| Top of the 2nd over - 0 runs, 0 hits, 0 errors, 1 left on base; University of Florida 0 - University of Maine 0 |
| BOTTOM OF THE 2ND |
|
University of Maine Black Bears batting - Pitching for University of Florida Gators : RHP Carlos Figueroa
|
|
Batting: RHB Wang-fen Yang
|
0-0: Ball 1-0: Ball 2-0: Ball 3-0: Base on Balls
|
|
Batting: LHB Ed Leighton
|
0-0: Foul Ball, location: 2F 0-1: SINGLE (Flyball, 3D, EV 92.5 MPH) Wang-fen Yang to second
|
|
Batting: LHB John Bergeron
|
0-0: Ball Wild Pitch! Wang-fen Yang to third Ed Leighton to second 1-0: Ground out 4-3 (Groundball, 4, EV 90.0 MPH) Wang-fen Yang scores Ed Leighton to third
|
|
Batting: LHB Osmo Leino
|
0-0: Foul Ball, location: 2F 0-1: Called Strike 0-2: Ball 1-2: Ball 2-2: 2-RUN HOME RUN (Flyball, 9D, EV 98.1 MPH), Distance : 394 ft
|
|
Batting: RHB Rewa Havika
|
0-0: Foul Ball, location: 2F 0-1: Ground out 6-3 (Groundball, 6, EV 93.1 MPH)
|
|
Batting: SHB Ron Handford
|
0-0: Ball 1-0: Ball 2-0: Ball 3-0: Base on Balls
|
|
Batting: RHB Justin Degon
|
0-0: Ball 1-0: Ground out 4-3 (Groundball, 4, EV 90.6 MPH)
|
| Bottom of the 2nd over - 3 runs, 2 hits, 0 errors, 1 left on base; University of Florida 0 - University of Maine 3 |
| TOP OF THE 3RD |
|
University of Florida Gators batting - Pitching for University of Maine Black Bears : RHP Tat Gu
|
|
Batting: RHB Vince Trussell
|
0-0: Swinging Strike 0-1: Ball 1-1: Foul Ball, location: 2F 1-2: Strikes out swinging
|
|
Batting: RHB Jiao-long Zhào
|
0-0: Ball 1-0: Called Strike 1-1: Ball 2-1: Foul Ball, location: 2F 2-2: Foul Ball, location: 2F 2-2: Ground out 6-3 (Groundball, 6MS, EV 65.6 MPH)
|
|
Batting: LHB Roy Davies
|
0-0: Fly out, F8 (Flyball, 78M, EV 91.2 MPH)
|
| Top of the 3rd over - 0 runs, 0 hits, 0 errors, 0 left on base; University of Florida 0 - University of Maine 3 |
| BOTTOM OF THE 3RD |
|
University of Maine Black Bears batting - Pitching for University of Florida Gators : RHP Carlos Figueroa
|
|
Batting: RHB Wang Huan
|
0-0: Called Strike 0-1: Foul Ball, location: 2F 0-2: Strikes out looking
|
|
Batting: LHB Seung Pack
|
0-0: Ball 1-0: Ball 2-0: Ball 3-0: Base on Balls
|
|
Batting: RHB Wang-fen Yang
|
0-0: Ball Seung Pack is caught stealing 2nd base 2-4 1-0: SINGLE (Line Drive, 89M, EV 91.2 MPH)
|
|
Batting: LHB Ed Leighton
|
0-0: Ball 1-0: Fielders Choice at 2nd, 6-4 (Groundball, 6, EV 85.6 MPH)
|
| Bottom of the 3rd over - 0 runs, 1 hit, 0 errors, 1 left on base; University of Florida 0 - University of Maine 3 |
| TOP OF THE 4TH |
|
University of Florida Gators batting - Pitching for University of Maine Black Bears : RHP Tat Gu
|
|
Batting: RHB Gong-sun Law
|
0-0: Ball 1-0: Foul Ball, location: 2F 1-1: Foul Ball, location: 2F 1-2: Ball 2-2: Strikes out swinging
|
|
Batting: SHB Nelson Carachure
|
0-0: Foul Ball, location: 2F 0-1: Foul Ball, location: 2F 0-2: Foul Ball, location: 2F 0-2: Ball 1-2: Ball 2-2: SOLO HOME RUN (Flyball, 9D, EV 98.8 MPH), Distance : 394 ft
|
|
Batting: SHB Pat Justice
|
0-0: Foul Ball, location: 2F 0-1: Foul Ball, location: 2F 0-2: Strikes out swinging
|
|
Batting: SHB Tokuichi Ishida
|
0-0: Swinging Strike 0-1: Foul Ball, location: 2F 0-2: Fly out, F8 (Line Drive, 8LM, EV 90.6 MPH)
|
| Top of the 4th over - 1 run, 1 hit, 0 errors, 0 left on base; University of Florida 1 - University of Maine 3 |
| BOTTOM OF THE 4TH |
|
University of Maine Black Bears batting - Pitching for University of Florida Gators : RHP Carlos Figueroa
|
|
Batting: LHB John Bergeron
|
0-0: Ball 1-0: Ball 2-0: Ball 3-0: Called Strike 3-1: Ground out U3 (Groundball, 3, EV 79.4 MPH)
|
|
Batting: LHB Osmo Leino
|
0-0: Ball 1-0: DOUBLE (Flyball, 89D, EV 89.4 MPH)
|
|
Batting: RHB Rewa Havika
|
0-0: Ground out 6-3 (Groundball, 56, EV 92.5 MPH)
|
|
Batting: SHB Ron Handford
|
0-0: Foul Ball, location: 2F 0-1: Hit by Pitch
|
|
Batting: RHB Justin Degon
|
0-0: SINGLE (Groundball, 34D, EV 100.6 MPH) Osmo Leino to third Ron Handford to second Runner from 3rd tries for Home, SAFE, throw by RF to home
|
|
Batting: RHB Wang Huan
|
0-0: Ball 1-0: Ball 2-0: Ball 3-0: Called Strike 3-1: Ground out 4-3 (Groundball, 34D, EV 107.5 MPH)
|
| Bottom of the 4th over - 1 run, 2 hits, 0 errors, 2 left on base; University of Florida 1 - University of Maine 4 |
| TOP OF THE 5TH |
|
University of Florida Gators batting - Pitching for University of Maine Black Bears : RHP Tat Gu
|
|
Batting: LHB Dave Newsome
|
0-0: Ball 1-0: Swinging Strike 1-1: Ball 2-1: Called Strike 2-2: Strikes out looking
|
|
Batting: RHB Manny Harrison
|
0-0: Ball 1-0: Foul Ball, location: 2F 1-1: Foul Ball, location: 2F 1-2: Strikes out swinging
|
|
Batting: RHB Vince Trussell
|
0-0: Ball 1-0: Called Strike 1-1: Ground out 2-3 (Groundball, 15S, EV 76.2 MPH)
|
| Top of the 5th over - 0 runs, 0 hits, 0 errors, 0 left on base; University of Florida 1 - University of Maine 4 |
| BOTTOM OF THE 5TH |
|
University of Maine Black Bears batting - Pitching for University of Florida Gators : RHP Carlos Figueroa
|
|
Batting: LHB Seung Pack
|
0-0: Called Strike 0-1: Ball 1-1: SINGLE (Line Drive, 78S, EV 105.0 MPH)
|
|
Batting: RHB Wang-fen Yang
|
0-0: Called Strike 0-1: Ball 1-1: Ball 2-1: Foul Ball, location: 2F 2-2: TRIPLE (Flyball, 89XD, EV 94.4 MPH) Seung Pack scores
|
|
Pitching: RHP Elliot Gallagher
|
|
|
Batting: LHB Ed Leighton
|
0-0: Ball 1-0: Fly out, F7 (Flyball, 78S, EV 75.0 MPH)
|
|
Batting: LHB John Bergeron
|
0-0: Foul Ball, location: 2F 0-1: Ball 1-1: Foul Ball, location: 2F 1-2: Fly out, F6 (Popup, 6M, EV 51.9 MPH)
|
|
Batting: LHB Osmo Leino
|
0-0: Ball 1-0: Called Strike 1-1: Ball 2-1: Swinging Strike 2-2: Strikes out swinging
|
| Bottom of the 5th over - 1 run, 2 hits, 0 errors, 1 left on base; University of Florida 1 - University of Maine 5 |
| TOP OF THE 6TH |
|
University of Florida Gators batting - Pitching for University of Maine Black Bears : RHP Tat Gu
|
|
Pitching: RHP Justin Williams
|
|
|
Batting: RHB Jiao-long Zhào
|
0-0: Ball 1-0: Swinging Strike 1-1: Called Strike 1-2: Strikes out swinging
|
|
Batting: LHB Roy Davies
|
0-0: Ball 1-0: Called Strike 1-1: Fly out, F8 (Line Drive, 78M, EV 91.2 MPH)
|
|
Batting: RHB Gong-sun Law
|
0-0: SOLO HOME RUN (Flyball, 7LD, EV 93.8 MPH), Distance : 351 ft
|
|
Batting: SHB Nelson Carachure
|
0-0: Ball 1-0: Ball 2-0: Called Strike 2-1: Foul Ball, location: 2F 2-2: Ball 3-2: Foul Ball, location: 2F 3-2: Foul Ball, location: 2F 3-2: Strikes out swinging
|
| Top of the 6th over - 1 run, 1 hit, 0 errors, 0 left on base; University of Florida 2 - University of Maine 5 |
| BOTTOM OF THE 6TH |
|
University of Maine Black Bears batting - Pitching for University of Florida Gators : RHP Elliot Gallagher
|
|
Batting: RHB Rewa Havika
|
0-0: Called Strike 0-1: Ball 1-1: Called Strike 1-2: Fly out, F8 (Flyball, 8RS, EV 96.2 MPH)
|
|
Batting: SHB Ron Handford
|
0-0: Called Strike 0-1: Ball 1-1: Ball 2-1: Ground out 5-3 (Groundball, 5S, EV 85.0 MPH)
|
|
Batting: RHB Justin Degon
|
0-0: Ball 1-0: Foul Ball, location: 2F 1-1: Foul Ball, location: 2F 1-2: Foul Ball, location: 2F 1-2: Reached on error, E5 (Groundball, 56S, EV 72.5 MPH)
|
|
Batting: RHB Wang Huan
|
0-0: Ball Justin Degon steals 2nd base (no throw) 1-0: Ground out 6-3 (Groundball, 6, EV 85.6 MPH)
|
| Bottom of the 6th over - 0 runs, 0 hits, 1 error, 1 left on base; University of Florida 2 - University of Maine 5 |
| TOP OF THE 7TH |
|
University of Florida Gators batting - Pitching for University of Maine Black Bears : RHP Justin Williams
|
|
Batting: SHB Pat Justice
|
0-0: Ball 1-0: Called Strike 1-1: Ball 2-1: Foul Ball, location: 2F 2-2: Ball 3-2: Strikes out swinging
|
|
Batting: SHB Tokuichi Ishida
|
0-0: Swinging Strike 0-1: DOUBLE (Flyball, 8LD, EV 86.9 MPH)
|
|
Batting: LHB Dave Newsome
|
0-0: Ball 1-0: Ball 2-0: Ball 3-0: Base on Balls
|
|
Batting: RHB Manny Harrison
|
0-0: Foul Ball, location: 2F 0-1: Foul Ball, location: 2F 0-2: Strikes out swinging
|
|
Batting: RHB Vince Trussell
|
0-0: Ball 1-0: Called Strike 1-1: Swinging Strike 1-2: Ball 2-2: Foul Ball, location: 2F 2-2: Strikes out swinging
|
| Top of the 7th over - 0 runs, 1 hit, 0 errors, 2 left on base; University of Florida 2 - University of Maine 5 |
| BOTTOM OF THE 7TH |
|
University of Maine Black Bears batting - Pitching for University of Florida Gators : RHP Elliot Gallagher
|
|
Pitching: RHP Dave Ross
|
|
|
Batting: LHB Seung Pack
|
0-0: Ball 1-0: Ball 2-0: Called Strike 2-1: Fly out, F7 (Flyball, 7D, EV 87.5 MPH)
|
|
Batting: RHB Wang-fen Yang
|
0-0: Ball 1-0: Swinging Strike 1-1: Foul Ball, location: 2F 1-2: Foul Ball, location: 2F 1-2: Foul Ball, location: 2F 1-2: Fly out, F9 (Flyball, 9LD, EV 92.5 MPH)
|
|
Batting: LHB Ed Leighton
|
0-0: Ball 1-0: Called Strike 1-1: Ball 2-1: Ball 3-1: Foul Ball, location: 2F 3-2: Foul Ball, location: 2F 3-2: Foul Ball, location: 2F 3-2: Foul Ball, location: 2F 3-2: Foul Ball, location: 2F 3-2: Strikes out looking
|
| Bottom of the 7th over - 0 runs, 0 hits, 0 errors, 0 left on base; University of Florida 2 - University of Maine 5 |
| TOP OF THE 8TH |
|
University of Florida Gators batting - Pitching for University of Maine Black Bears : RHP Justin Williams
|
|
Pitching: RHP Ik-jun Jahng
|
|
|
Batting: RHB Jiao-long Zhào
|
0-0: Ball 1-0: Ground out 4-3 (Groundball, 4M, EV 86.2 MPH)
|
|
Batting: LHB Roy Davies
|
0-0: Ground out 6-3 (Groundball, 6M, EV 101.2 MPH)
|
|
Batting: RHB Gong-sun Law
|
0-0: Ball 1-0: Called Strike 1-1: Foul Ball, location: 2F 1-2: Fly out, F8 (Flyball, 89M, EV 90.6 MPH)
|
| Top of the 8th over - 0 runs, 0 hits, 0 errors, 0 left on base; University of Florida 2 - University of Maine 5 |
| BOTTOM OF THE 8TH |
|
University of Maine Black Bears batting - Pitching for University of Florida Gators : RHP Dave Ross
|
|
Pitching: LHP Jorge Guadalupe
|
|
|
Batting: LHB John Bergeron
|
0-0: Called Strike 0-1: Foul Ball, location: 2F 0-2: Ball 1-2: Foul Ball, location: 2F 1-2: Strikes out looking
|
|
Batting: LHB Osmo Leino
|
0-0: Ground out 5-3 (Groundball, 56, EV 105.6 MPH)
|
|
Batting: RHB Rewa Havika
|
0-0: Ball 1-0: Called Strike 1-1: Ball 2-1: Ball 3-1: Foul Ball, location: 2F 3-2: Base on Balls
|
|
Batting: SHB Ron Handford
|
0-0: Fly out, F9 (Flyball, 9LM, EV 85.0 MPH)
|
| Bottom of the 8th over - 0 runs, 0 hits, 0 errors, 1 left on base; University of Florida 2 - University of Maine 5 |
| TOP OF THE 9TH |
|
University of Florida Gators batting - Pitching for University of Maine Black Bears : RHP Ik-jun Jahng
|
|
Batting: SHB Nelson Carachure
|
0-0: Ball 1-0: Called Strike 1-1: Ball 2-1: Foul Ball, location: 2F 2-2: Fly out, F8 (Flyball, 89XD, EV 109.4 MPH)
|
|
Batting: SHB Pat Justice
|
0-0: Ball 1-0: Swinging Strike 1-1: Foul Ball, location: 2F 1-2: Foul Ball, location: 2F 1-2: Strikes out looking
|
|
Batting: SHB Tokuichi Ishida
|
0-0: Ball 1-0: Ground out 4-3 (Groundball, 34, EV 92.5 MPH)
|
| Top of the 9th over - 0 runs, 0 hits, 0 errors, 0 left on base; University of Florida 2 - University of Maine 5 |
|